 Dungeon Crawl Stone Soup version 0.29-a0-322-g68df515428 (webtiles) character file.

Game seed: 12367432524790239714

173297 zishaf the Tortoise (level 18, -1/159 HPs)
             Began as a Barachi Hunter on Apr 8, 2022.
             Was a High Priest of Cheibriados.
             Hit by a silver javelin thrown by a merfolk javelineer (13 damage)
             ... on level 3 of the Shoals.
             The game lasted 01:29:56 (30148 turns).

zishaf the Tortoise (Barachi Hunter)               Turns: 30148, Time: 01:29:56

Health: -1/159     AC: 38    Str: 40    XL:     18   Next: 5%
Magic:  19/29      EV: 12    Int: 23    God:    Cheibriados [*****.]
Gold:   2842       SH:  5    Dex: 40    Spells: 10/21 levels left

rFire   . . .      SeeInvis .   a - +7 longbow (vorpal)
rCold   . . .      Faith    .   (shield currently unavailable)
rNeg    + . .      Spirit   .   H - +5 chain mail of Noughts and Crosses {Regen+ Str+4 Dex-4}
rPois   +          Reflect  +   p - +2 helmet
rElec   .          Harm     .   B - +1 cloak
rCorr   .          Rampage  +   s - +2 pair of gloves of the Dropbear {rN+ Dex+3}
Will    ++...                   x - +0 pair of boots
Stlth   ..........              X - amulet "Beesaka" {Reflect Rampage Dex+5 SH+5}
HPRegen 1.16/turn               W - ring "Kewk" {Wiz rPois Will+ Str+10}
MPRegen 0.21/turn               y - +4 ring of protection

@: wereblooded, studying 2 skills, very slow
A: amphibious, slowness 1, strong legs 2, +LOS, iridescent scales 1
a: Hop, Renounce Religion, Bend Time, Temporal Distortion, Slouch, Step From
Time


You were on level 3 of the Shoals.
You worshipped Cheibriados.
Cheibriados was extremely pleased with you.
You visited 6 branches of the dungeon, and saw 28 of its levels.
You also visited: Ossuary and Ice Cave.

You collected 4762 gold pieces.
You spent 1920 gold pieces at shops.

Inventory:

Hand Weapons
 a - a +7 vorpal longbow (weapon)
 F - the +7 quarterstaff of Brutal Revenge {holy, +Blink rElec rC- rN+++}
   (You found it on level 11 of the Dungeon)

   It has been blessed by the Shining One to cause great damage to the undead
   and demons.
   rC:        It makes you vulnerable to cold.
   rElec:     It insulates you from electricity.
   rN:        It renders you almost immune to negative energy.
   +Blink:    It lets you blink.
 K - a +2 longbow of flaming
Missiles
 h - a throwing net
Armour
 l - +0 ice dragon scales
 p - a +2 helmet (worn)
 s - the +2 pair of gloves of the Dropbear (worn) {rN+ Dex+3}
   (You bought it in a shop on level 2 of the Orcish Mines)

   Dex:       It affects your dexterity (+3).
   rN:        It protects you from negative energy.
 x - a +0 pair of boots (worn)
 B - a +1 cloak (worn)
 H - the +5 chain mail of Noughts and Crosses (worn) {Regen+ Str+4 Dex-4}
   (You bought it in a shop on level 11 of the Dungeon)

   Str:       It affects your strength (+4).
   Dex:       It affects your dexterity (-4).
   Regen:     It increases your rate of health regeneration.
 T - +0 fire dragon scales
Jewellery
 o - a ring of see invisible
 w - a ring of fire
 y - a +4 ring of protection (right hand)
 M - a ring of protection from cold
 W - the ring "Kewk" (left hand) {Wiz rPois Will+ Str+10}
   (You acquired it on level 4 of the Lair of Beasts)

   [ring of wizardry]

   It improves your spell success rate.
   Str:       It affects your strength (+10).
   rPois:     It protects you from poison.
   Will:      It increases your willpower.
 X - the amulet "Beesaka" (around neck) {Reflect Rampage Dex+5 SH+5}
   (You bought it in a shop on level 4 of the Dungeon)

   [amulet of reflection]

   It reflects blocked missile attacks.
   Dex:       It affects your dexterity (+5).
   SH:        It affects your SH (+5).
   Rampage:   It bestows one free step when moving towards enemies.
   Cheibriados disapproves of the use of such an item.
Wands
 k - a wand of flame (29)
 n - a wand of acid (14)
 v - a wand of iceblast (28)
 G - a wand of charming (4)
 U - a wand of polymorph (14)
 Y - a wand of paralysis (2)
Scrolls
 b - 3 scrolls of identify
 g - 9 scrolls of teleportation
 z - 5 scrolls of fear
 I - 7 scrolls of summoning
 J - 5 scrolls of fog
 L - 3 scrolls of holy word
 N - 3 scrolls of enchant armour
 O - 5 scrolls of magic mapping
 P - a scroll of torment
 Q - 3 scrolls of blinking
 V - a scroll of silence
Potions
 c - a potion of cancellation
 d - 5 potions of might
 e - 15 potions of curing
 f - 2 potions of resistance
 j - 6 potions of heal wounds
 m - 5 potions of mutation
 r - 6 potions of ambrosia
 t - 6 potions of brilliance
 u - 2 potions of berserk rage
 C - 3 potions of flight
 E - 6 potions of lignification
 S - 2 potions of magic
Miscellaneous
 D - a phantom mirror
 R - a tin of tremorstones (2/2)
 Z - a box of beasts


   Skills:
 + Level 18.9 Fighting
 * Level 16.4 Bows
 + Level 19.2 Armour
 - Level 2.1 Dodging
 - Level 0.8 Stealth
 - Level 2.0 Spellcasting
 + Level 0.8 Summonings
 - Level 9.0 Transmutations
 + Level 0.6 Air Magic
 * Level 15.7 Invocations
 - Level 8.0 Evocations


You had 10 spell levels left.
You knew the following spells:

 Your Spells              Type           Power      Damage    Failure   Level
a - Passwall              Tmut/Erth      19%        N/A       2%          2
b - Portal Projectile     Hex/Tloc       4%         N/A       32%         3
c - Wereblood             Tmut           43%        N/A       1%          2
d - Summon Lightning Spi  Summ/Air       5%         N/A       58%         4

Your spell library contained the following spells:

 Spells                   Type           Power      Damage    Failure   Level
 Beastly Appendage        Tmut           86%        N/A       1%          1
 Spider Form              Tmut/Pois      23%        N/A       5%          3
 Blade Hands              Tmut           21%        N/A       8%          5
 Summon Small Mammal      Summ           20%        N/A       9%          1
 Shock                    Conj/Air       12%        1d3       10%         1
 Ignite Poison            Fire/Tmut/Pois 16%        N/A       10%         3
 Animate Skeleton         Necr           4%         N/A       11%         1
 Freeze                   Ice            8%         1d3       11%         1
 Magic Dart               Conj           8%         1d3       11%         1
 Pain                     Necr           8%         1d4       11%         1
 Sandblast                Erth           4%         2d4       11%         1
 Call Imp                 Summ           5%         N/A       12%         2
 Ensorcelled Hibernation  Hex/Ice        4%         N/A       16%         2
 Call Canine Familiar     Summ           5%         N/A       24%         3
 Summon Guardian Golem    Hex/Summ       4%         N/A       26%         3
 Swiftness                Air            5%         N/A       26%         3
 Mephitic Cloud           Conj/Pois/Air  3%         N/A       28%         3
 Dazzling Flash           Conj/Hex       4%         N/A       32%         3
 Frozen Ramparts          Ice            4%         1d2       32%         3
 Gell's Gravitas          Tloc           2%         N/A       32%         3
 Ozocubu's Armour         Ice            2%         N/A       32%         3
 Stone Arrow              Conj/Erth      4%         3d7       32%         3
 Teleport Other           Tloc           2%         N/A       32%         3
 Vampiric Draining        Necr           2%         2d6       32%         3
 Airstrike                Air            2%         N/A       61%         4
 Hailstorm                Conj/Ice       2%         3d3       69%         4
 Iskenderun's Mystic Bla  Conj/Tloc      2%         2d3       69%         4
 Silence                  Hex/Air        1%         N/A       92%         5
 Freezing Cloud           Conj/Ice/Air   1%         6-21      93%         5
 Agony                    Necr           2%         N/A       95%         5
 Excruciating Wounds      Necr           1%         N/A       95%         5
 Metabolic Englaciation   Hex/Ice        1%         N/A       95%         5
 Dispersal                Tloc           1%         N/A       100%        6
 Simulacrum               Ice/Necr       1%         N/A       100%        6
 Starburst                Conj/Fire      1%         6d3       100%        6
 Orb of Destruction       Conj           1%         9d5       100%        7
 Spellforged Servitor     Conj/Summ      2%         N/A       100%        7
 Storm Form               Tmut/Air       12%        N/A       100%        7
 Maxwell's Capacitive Co  Air            2%         ∞         100%        8


Dungeon Overview and Level Annotations

Branches:
Dungeon (15/15)            Temple (1/1) D:6            Lair (6/6) D:11
 Shoals (3/4) Lair:4       Spider (0/4) Lair:2        Slime (0/5) Lair:6
    Orc (2/2) D:10            Elf (0/3) Orc:2        Vaults (0/5) D:14
 Depths (1/4) D:15        Ossuary (visited)           IceCv (visited)

Altars:
Ashenzari
Cheibriados
Elyvilon
Fedhas
Gozag
Hepliaklqana
Kikubaaqudgha
Makhleb
Nemelex Xobeh
Qazlal
Ru
Sif Muna
Uskayaw
Vehumet
Wu Jian
Xom
Zin
The Shining One
Jiyva

Shops:
D:1 *[?(!   D:4 *=   D:11 [   D:15 (   Orc:1 [??!   Orc:2 [[(:   Depths:1 *

Portals:
Hell: Depths:1
Abyss: Depths:1


Innate Abilities, Weirdness & Mutations

You are amphibious.
You cover ground slowly.
You can hop long distances.
You have an extended range of vision and can be seen from far away.
You are partially covered in iridescent scales. (AC +2)


Message History

The silver sears you!
* * * LOW HITPOINT WARNING * * *
The merfolk closely misses you. You block the water elemental's attack.
The water elemental hits you.
The merfolk siren chants its luring song.
Activating: Slouch (0% risk of failure)
Press: ? - help, Dir - look around, f - activate You can feel time thicken for a moment.
You kill the merfolk!
Cheibriados thoroughly appreciates the change of pace.
Cheibriados lowers the support of your attributes as your movement quickens.
The merfolk javelineer throws a silver javelin.
The silver javelin completely misses you.
You block the water elemental's attack. The water elemental hits you.
The merfolk siren chants its luring song.
Activating: Slouch (0% risk of failure)
Press: ? - help, Dir - look around, f - activate You can feel time thicken for a moment.
You destroy the water elemental!
The water elemental disappears in a puff of smoke!
You destroy the water elemental!
The water elemental disappears in a puff of smoke!
The water engulfing you falls away.
You break out of your daze!
You kill the merfolk siren!
Cheibriados thoroughly appreciates the change of pace.
The tide is released from Ilsuiw's call.
Cheibriados appreciates the change of pace.
You hear a splash. x3
Reactivating autopickup.
You feel a bit more experienced.
Cheibriados lowers the support of your attributes as your movement quickens.
The merfolk javelineer throws a silver javelin.
The silver javelin pierces through you!!
* * * LOW HITPOINT WARNING * * *
The silver sears you!
* * * LOW HITPOINT WARNING * * *
The merfolk javelineer throws a silver javelin.
The silver javelin pierces through you!
You die...

≈≈≈≈≈≈≈ ≈≈≈≈≈≈≈≈
≈≈≈≈≈.. ..≈≈≈≈≈≈
≈≈≈≈... ..≈≈≈m≈≈
≈≈≈...##.≈≈≈≈≈≈≈
≈......).≈(≈≈.
.........≈≈≈.
#.....≈≈≈≈≈.
≈≈≈.##......≈≈≈≈≈
≈≈≈≈....@§..≈≈≈≈≈
≈≈≈≈..).§..≈≈≈≈≈≈
≈≈≈≈...)§)§≈≈≈≈≈≈
≈≈≈≈......≈≈≈≈≈≈≈
≈≈..)≈≈≈≈≈≈≈≈≈≈≈≈
≈≈.##.≈≈≈≈≈≈≈≈≈≈≈
P. ..≈.≈≈≈≈≈≈≈≈≈
≈ ...≈≈≈≈≈≈≈≈≈≈≈
≈.≈≈.≈≈≈≈≈≈≈≈≈≈


You could see a merfolk javelineer.

Vanquished Creatures
  A juggernaut (Depths:1)
  Mlioglotl (Shoals:2)
  A quicksilver dragon (Depths:1)
  A walking earthen tome (Depths:1)
  Polyphemus (Shoals:2)
  A sphinx (Depths:1)
  Frances (Shoals:1)
  Gastronok (D:8)
  A tengu reaver (Depths:1)
  Ilsuiw (Shoals:3)
  2 frost giants (Depths:1)
  2 fire giants (Depths:1)
  Louise (Depths:1)
  2 very ugly things (Depths:1)
  2 stone giants (Depths:1)
  The ghost of mdonais the Destroyer, a journeyman OpCj of Vehumet (D:12)
  Nessos (D:12)
  5 entropy weavers (D:10)
  4 dire elephants
  A spark wasp (Depths:1)
  An ettin (Depths:1)
  A merfolk impaler (Shoals:1)
  Josephine (D:13)
  2 fire dragons (Depths:1)
  2 ice dragons
  2 spriggan air magi (Depths:1)
  A great orb of eyes (D:15)
  10 hydras
  4 catoblepae
  3 vault guards (D:14)
  An anaconda (Lair:4)
  A merfolk avatar (Shoals:1)
  An alligator snapping turtle (Shoals:1)
  4 boulder beetles
  Erica (D:11)
  4 two-headed ogres
  3 ghost crabs (D:10)
  7 tengu warriors
  A death knight (D:15)
  6 centaur warriors
  6 death yaks
  A vampire mage (Depths:1)
  A deep troll earth mage (Depths:1)
  A satyr (Shoals:2)
  A spriggan berserker (Depths:1)
  A hell knight (Depths:1)
  Sonja (Lair:5)
  5 fire crabs (D:10)
  4 sea snakes
  A skeletal warrior (D:14)
  A fire crab (shapeshifter) (D:13)
  2 deep trolls (Depths:1)
  An iron troll (Depths:1)
  Lodul (D:14)
  An orb spider (shapeshifter) (Depths:1)
  A lindwurm (Lair:6)
  4 wizards
  A glowing orange brain (Depths:1)
  Pikel (D:7)
  A wolf spider zombie (D:12)
  A spectral wolf spider (D:12)
  4 deep elf pyromancers
  16 harpies
  A wolf spider (D:15)
  20 ugly things
  3 orc sorcerers
  7 orc knights
  16 manticores
  7 fauns
  22 elephants
  Maurice (D:11)
  5 cyclopes
  An apocalypse crab (D:10)
  10 merfolk sirens
  Joseph (D:8)
  2 ice statues (IceCv)
  A naga mage (D:15)
  A water nymph (Shoals:3)
  4 black mambas
  15 cane toads
  2 torpor snails (Lair:4)
  Psyche (D:8)
  7 rime drakes
  2 kobold demonologists
  2 unseen horrors
  8 komodo dragons
  2 freezing wraiths (D:15)
  A tengu conjurer (D:15)
  A queen bee (shapeshifter) (D:14)
  A meliai (D:14)
  A hornet (D:13)
  8 polar bears
  15 merfolk
  A troll (D:13)
  4 wind drakes
  3 blink frogs (Lair:4)
  3 snapping turtles
  A spectral meliai (D:12)
  8 dream sheep
  4 centaur simulacra
  A vampire (D:11)
  A meliai zombie (D:12)
  7 wraiths
  22 yaks
  A shadow (D:11)
  4 water elementals
  4 wyverns
  3 humans
  3 hogs (D:10)
  10 basilisks
  3 vampire mosquitoes (D:13)
  4 wargs
  19 water moccasins
  An acid dragon (D:11)
  47 orc warriors
  A hornet zombie (D:12)
  2 ice beasts (D:7)
  13 black bears
  17 wolves
  15 centaurs
  9 ogres
  A lemure (D:7)
  An elf zombie (Ossuary)
  A phantom (D:5)
  3 kobold brigands
  17 bullfrogs
  A gnoll sergeant (D:6)
  A necrophage (D:5)
  2 two-headed ogre simulacra (D:13)
  2 scorpions
  4 wights (D:9)
  3 lindwurm simulacra (IceCv)
  4 howler monkeys
  2 electric eels (D:14)
  2 centaur zombies
  6 komodo dragon simulacra (IceCv)
  A human zombie (Ossuary)
  3 jellies
  5 hounds
  24 orc priests
  Crazy Yiuf (D:2)
  4 iguanas
  Ijyb (D:5)
  22 orc wizards
  A hell rat (Lair:4)
  4 spriggan simulacra (D:13)
  A troll simulacrum (D:13)
  A wolf simulacrum (D:13)
  2 mummies (Ossuary)
  Robin (D:2)
  12 gnolls
  9 acid dragon simulacra (IceCv)
  8 adders
  A white imp (D:6)
  An ufetubus (D:5)
  3 steam dragon simulacra (IceCv)
  An adder zombie (Ossuary)
  2 worms
  3 dart slugs
  135 orcs
  8 bats
  11 endoplasms
  5 giant cockroaches
  16 goblins
  12 hobgoblins
  3 jackals (D:1)
  4 quokkas
  6 ball pythons
  6 frilled lizards
  A goblin zombie (Ossuary)
  8 hobgoblin zombies (Ossuary)
  2 jackal zombies (Ossuary)
  14 kobolds
  11 kobold zombies (Ossuary)
  9 orc zombies (Ossuary)
  6 rats
  2 rat zombies (Ossuary)
943 creatures vanquished.

Vanquished Creatures (collateral kills)
  3 two-headed ogres (D:14)
3 creatures vanquished.

Vanquished Creatures (others)
  A two-headed ogre (D:14)
  35 fungi
  50 plants
86 creatures vanquished.

Grand Total: 1032 creatures vanquished

Notes
Turn   | Place    | Note
-------+----------+-------------------------------------------
     0 | D:1      | zishaf the Barachi Hunter began the quest for the Orb.
     0 | D:1      | Reached XP level 1. HP: 17/17 MP: 1/1
    58 | D:1      | Reached XP level 2. HP: 17/23 MP: 1/3
   153 | D:1      | Found Lixemat's Distillery.
   186 | D:1      | Reached skill level 1 in Spellcasting
   231 | D:1      | Found Jolu's Antique Armour Boutique.
   390 | D:1      | Reached XP level 3. HP: 29/29 MP: 4/4
   407 | D:1      | Found Viresenk's Antique Weapon Boutique.
   611 | D:1      | Found Hike's Magic Scroll Boutique.
   659 | D:1      | Found Ohemp's Assorted Antiques.
   777 | D:2      | Noticed Robin
   872 | D:2      | Killed Robin
   873 | D:2      | Reached skill level 1 in Armour
   873 | D:2      | Reached XP level 4. HP: 37/37 MP: 5/5
  1368 | D:2      | Found a runed translucent door.
  1369 | D:2      | Noticed Crazy Yiuf
  1520 | D:3      | Found a faded altar of an unknown god.
  1703 | D:3      | Reached XP level 5. HP: 38/42 MP: 6/6
  1735 | D:3      | Reached skill level 2 in Armour
  1737 | D:3      | Reached skill level 5 in Bows
  2122 | D:4      | Found Miru's Elemental Accessories.
  2149 | D:4      | Identified a scroll of acquirement
  2149 | D:4      | Acquired a +2 longbow of flaming
  2269 | D:4      | Found a shimmering altar of Xom.
  2269 | D:4      | Found a hide-covered altar of Uskayaw.
  2422 | D:4      | Reached skill level 3 in Armour
  2422 | D:4      | Reached XP level 6. HP: 29/50 MP: 7/7
  2634 | D:4      | Found Elaraj's Jewellery Shoppe.
  2988 | D:5      | Entered Level 5 of the Dungeon
  3010 | D:5      | Reached skill level 5 in Fighting
  3074 | D:5      | Noticed Ijyb
  3081 | D:5      | Killed Ijyb
  3212 | D:5      | Found a sacrificial altar of Ru.
  3255 | D:5      | Reached skill level 4 in Armour
  3287 | D:5      | Reached XP level 7. HP: 56/56 MP: 8/8
  4119 | D:5      | Reached skill level 5 in Armour
  4350 | D:6      | Reached XP level 8. HP: 65/65 MP: 9/9
  4502 | D:6      | Reached skill level 6 in Armour
  4553 | D:6      | Found a staircase to the Ecumenical Temple.
  4563 | Temple   | Entered the Ecumenical Temple
  4643 | Temple   | Became a worshipper of Cheibriados the Contemplative
  5386 | D:7      | Reached skill level 1 in Invocations
  5416 | D:7      | Reached * piety under Cheibriados
  5501 | D:7      | Noticed a cyan ugly thing
  5508 | D:7      | Killed a cyan ugly thing
  5509 | D:7      | Reached XP level 9. HP: 30/75 MP: 9/11
  5818 | D:7      | Noticed Pikel
  5834 | D:7      | Killed Pikel
  6248 | D:8      | Noticed Gastronok
  6262 | D:8      | Killed Gastronok
  6263 | D:8      | Reached skill level 10 in Fighting
  6263 | D:8      | Reached skill level 5 in Invocations
  6263 | D:8      | Reached XP level 10. HP: 86/86 MP: 13/13
  6324 | D:8      | Found a sand-covered staircase.
  6330 | Ossuary  | Entered an ossuary
  6374 | Ossuary  | Reached ** piety under Cheibriados
  6783 | D:8      | Reached *** piety under Cheibriados
  6803 | D:8      | Noticed Joseph
  6814 | D:8      | Killed Joseph
  7358 | D:8      | Noticed Psyche
  7363 | D:8      | Killed Psyche
  7460 | D:8      | Reached skill level 10 in Bows
  7544 | D:8      | Identified the +9 trident of the Squeaky God {vorpal,
                  | Str+5}
  7992 | D:9      | Reached **** piety under Cheibriados
  8592 | D:9      | Noticed a deep elf pyromancer
  8597 | D:9      | Killed a deep elf pyromancer
  8598 | D:9      | Reached skill level 7 in Armour
  8598 | D:9      | Reached XP level 11. HP: 51/93 MP: 15/15
  8805 | D:10     | Entered Level 10 of the Dungeon
  9649 | D:10     | Reached ***** piety under Cheibriados
  9861 | D:10     | Found a staircase to the Orcish Mines.
  9939 | D:10     | Reached skill level 8 in Armour
 10079 | D:10     | Found a runed translucent door.
 10118 | D:10     | Noticed a fire crab
 10382 | D:2      | Killed Crazy Yiuf
 10703 | D:11     | Noticed Maurice
 10706 | D:11     | Killed Maurice
 10968 | D:11     | Noticed a boulder beetle
 10975 | D:11     | Killed a boulder beetle
 11282 | D:11     | Noticed Erica
 11300 | D:11     | Killed Erica
 11481 | D:11     | Identified the +7 quarterstaff of Brutal Revenge {holy,
                  | +Blink rElec rC- rN+++}
 11549 | D:11     | Identified the +1 robe "Sosoa" {rC+}
 11570 | D:11     | Found a staircase to the Lair.
 11669 | D:11     | Found Xuasaj's Antique Armour Boutique.
 11676 | D:11     | Bought a twisted chain mail for 199 gold pieces
 11676 | D:11     | Identified the +5 chain mail of Noughts and Crosses {Regen+
                  | Str+4 Dex-4} (You bought it in a shop on level 11 of the
                  | Dungeon)
 11760 | D:11     | Reached skill level 9 in Armour
 11907 | D:11     | Found a glowing silver altar of Zin.
 12014 | D:12     | Noticed a sixfirhy
 12019 | D:12     | Noticed a sixfirhy
 12117 | D:12     | Reached XP level 12. HP: 95/103 MP: 17/17
 12129 | D:12     | Noticed a five-headed hydra
 12137 | D:12     | Killed a five-headed hydra
 12211 | D:12     | Noticed a two-headed ogre
 12219 | D:12     | Killed a two-headed ogre
 12254 | D:12     | Found a runed translucent gate.
 12254 | D:12     | Found a runed translucent gate.
 12254 | D:12     | Found a runed translucent gate.
 12255 | D:12     | Noticed mdonais's ghost (journeyman OpCj)
 12258 | D:12     | Noticed Nessos
 12262 | D:12     | Killed Nessos
 12440 | D:12     | Gained mutation: Your mind is acute. (Int +2) [potion of
                  | mutation]
 12440 | D:12     | Gained mutation: You are covered in fur. (AC +1) [potion of
                  | mutation]
 12440 | D:12     | Gained mutation: Your body sometimes deteriorates upon
                  | taking damage. [potion of mutation]
 12441 | D:12     | Lost mutation: Your body sometimes deteriorates upon taking
                  | damage. [potion of mutation]
 12441 | D:12     | Lost mutation: You are covered in fur. (AC +1) [potion of
                  | mutation]
 12441 | D:12     | Gained mutation: You expend magic power (3 MP) to
                  | strengthen your wands. [potion of mutation]
 12441 | D:12     | Gained mutation: You sometimes lose the ability to read
                  | scrolls when taking damage. [potion of mutation]
 12442 | D:12     | Lost mutation: Your mind is acute. (Int +2) [potion of
                  | mutation]
 12442 | D:12     | Lost mutation: You sometimes lose the ability to read
                  | scrolls when taking damage. [potion of mutation]
 12943 | D:13     | Noticed a two-headed ogre
 12945 | D:13     | Killed a two-headed ogre
 12945 | D:13     | Found a frozen archway.
 12987 | IceCv    | Entered an ice cave
 13129 | IceCv    | Reached skill level 10 in Armour
 13196 | IceCv    | Identified the +6 whip "Wesobla" {venom, rElec rN+ Int+2}
 13660 | IceCv    | Noticed an ice dragon
 13676 | IceCv    | Killed an ice dragon
 13951 | D:13     | Noticed a boulder beetle
 13964 | D:13     | Killed a boulder beetle
 14091 | D:13     | Noticed a centaur warrior
 14094 | D:13     | Killed a centaur warrior
 14361 | D:13     | Noticed Josephine
 14369 | D:13     | Killed Josephine
 14377 | D:13     | Reached skill level 11 in Armour
 14378 | D:13     | Gained mutation: You can hop long distances. [Barachi
                  | growth]
 14378 | D:13     | Reached XP level 13. HP: 60/113 MP: 8/20
 14985 | D:14     | Noticed Lodul
 15000 | D:14     | Killed Lodul
 15079 | D:14     | Identified the +0 leather armour of the Blind Marksman {rN+
                  | Dex+4}
 15182 | D:14     | Reached skill level 10 in Invocations
 15255 | D:14     | Reached skill level 12 in Armour
 15434 | D:14     | Reached skill level 15 in Fighting
 15703 | D:14     | Found a runed translucent door.
 15704 | D:14     | Found a runed translucent door.
 16016 | D:14     | Reached XP level 14. HP: 91/123 MP: 21/21
 16308 | D:14     | Reached skill level 13 in Armour
 16631 | D:14     | Reached skill level 1 in Evocations
 16697 | D:14     | Found a gate to the Vaults.
 16874 | Lair:1   | Entered Level 1 of the Lair of Beasts
 17090 | Lair:1   | Acquired a manual of Invocations
 17313 | Lair:1   | Learned a level 2 spell: Wereblood
 18029 | Lair:2   | Found a hole to the Spider Nest.
 18553 | Lair:3   | Reached skill level 1 in Transmutations
 19432 | Lair:4   | Reached ****** piety under Cheibriados
 19475 | Lair:4   | Found a staircase to the Shoals.
 19667 | Lair:4   | Acquired the ring "Kewk" {Wiz rPois Will+ Str+10}
 19704 | Lair:4   | Reached XP level 15. HP: 131/131 MP: 23/23
 19972 | Lair:4   | Reached skill level 14 in Armour
 20370 | Lair:4   | Reached skill level 5 in Evocations
 20412 | Lair:4   | Acquired a manual of Armour
 20558 | Lair:5   | Acquired 1023 gold pieces
 20934 | Lair:5   | Noticed Sonja
 20944 | Lair:5   | Killed Sonja
 21273 | Lair:6   | Entered Level 6 of the Lair of Beasts
 21374 | Lair:6   | Found a staircase to the Slime Pits.
 21374 | Lair:6   | Found a viscous altar of Jiyva.
 21749 | Lair:6   | Reached skill level 5 in Transmutations
 22084 | Lair:6   | Reached skill level 15 in Armour
 22482 | Lair:6   | Identified the +0 cloak of Snakes and Ladders {Int+5}
 22722 | Orc:1    | Entered Level 1 of the Orcish Mines
 22722 | Orc:1    | You fall into a shaft and drop 1 floor!
 22722 | Orc:2    | Entered Level 2 of the Orcish Mines
 22786 | Orc:2    | Reached XP level 16. HP: 130/141 MP: 13/25
 22929 | Orc:1    | Found Arha Venk's Magic Scroll Boutique.
 22937 | Orc:1    | Found Reun's Magic Scroll Emporium.
 22960 | Orc:1    | Bought a scroll of blinking for 90 gold pieces
 22982 | Orc:1    | Found Nente's Distillery.
 22991 | Orc:1    | Bought a potion of heal wounds for 75 gold pieces
 22991 | Orc:1    | Bought a potion of mutation for 120 gold pieces
 23093 | Orc:1    | Found Ydorat's Armour Boutique.
 23478 | Orc:2    | Found Xoastrod's Antique Armour Boutique.
 23478 | Orc:2    | Found Ydelehoj's Antique Weapon Emporium.
 23478 | Orc:2    | Found Xoxtanga's Book Shoppe.
 23481 | Orc:2    | Found Soenyts's Antique Armour Shop.
 23575 | Orc:2    | Found a staircase to the Elven Halls.
 23587 | Orc:2    | Reached skill level 15 in Bows
 23786 | Orc:2    | Bought a pair of distressingly furry gloves for 304 gold
                  | pieces
 23786 | Orc:2    | Identified the +2 pair of gloves of the Dropbear {rN+
                  | Dex+3} (You bought it in a shop on level 2 of the Orcish
                  | Mines)
 24022 | D:10     | Reached skill level 16 in Armour
 24381 | D:12     | Killed mdonais's ghost
 24461 | D:15     | Entered Level 15 of the Dungeon
 24830 | D:15     | Found a staircase to the Depths.
 25022 | D:15     | Found Vuobod's Antique Weapon Shoppe.
 25637 | D:1      | Bought a scroll of summoning for 123 gold pieces
 25637 | D:1      | Bought 3 scrolls of magic mapping for 136 gold pieces
 25637 | D:1      | Bought a scroll of summoning for 123 gold pieces
 25653 | D:1      | Bought a scroll of enchant weapon for 180 gold pieces
 25750 | D:4      | Bought the amulet "Beesaka" {Reflect Rampage Dex+5 SH+5}
                  | for 570 gold pieces
 26057 | Depths:1 | Entered Level 1 of the Depths
 26131 | Depths:1 | Found a gateway to Hell.
 26427 | Depths:1 | Reached skill level 17 in Armour
 26677 | Depths:1 | Noticed a sphinx
 26680 | Depths:1 | Noticed a quicksilver dragon
 26681 | Depths:1 | Paralysed by a sphinx for 5 turns
 26685 | Depths:1 | Killed a sphinx
 26686 | Depths:1 | Reached XP level 17. HP: 149/149 MP: 27/27
 26699 | Depths:1 | Killed a quicksilver dragon
 27059 | Depths:1 | Noticed a juggernaut
 27074 | Depths:1 | Killed a juggernaut
 27118 | Depths:1 | Identified the +9 long sword of Fedhas's Condemnation
                  | {vorpal, *Noise Fly rElec Dex+3}
 27150 | Depths:1 | Identified the +0 pair of gloves of Sin {Str+4 Int+2}
 27219 | Depths:1 | Found Aneiwazo's General Store.
 27392 | Depths:1 | Found a one-way gate to the infinite horrors of the Abyss.
 27394 | Depths:1 | Noticed Louise
 27425 | Depths:1 | Killed Louise
 27428 | Depths:1 | Reached skill level 18 in Armour
 27428 | Depths:1 | Reached skill level 15 in Invocations
 27765 | Depths:1 | Noticed a walking earthen tome
 27774 | Depths:1 | Killed a walking earthen tome
 28229 | Shoals:1 | Entered Level 1 of the Shoals
 28238 | Shoals:1 | Noticed Frances
 28245 | Shoals:1 | Killed Frances
 28533 | Shoals:1 | Identified the +0 leather armour of Life {rF+}
 28929 | Shoals:1 | Identified the +4 fustibalus "Xeghejun" {speed, rC+ Will+}
 29202 | Shoals:2 | Noticed Polyphemus
 29231 | Shoals:2 | Killed Polyphemus
 29579 | Shoals:2 | Reached skill level 19 in Armour
 30087 | Shoals:3 | Noticed Mlioglotl
 30098 | Shoals:2 | Noticed a tentacled starspawn
 30099 | Shoals:2 | Killed Mlioglotl
 30100 | Shoals:2 | Reached XP level 18. HP: 153/159 MP: 24/29
 30105 | Shoals:2 | Lost mutation: You expend magic power (3 MP) to strengthen
                  | your wands. [potion of mutation]
 30105 | Shoals:2 | Gained mutation: You are frail. (-10% HP) [potion of
                  | mutation]
 30105 | Shoals:2 | Gained mutation: Your mind is acute. (Int +2) [potion of
                  | mutation]
 30106 | Shoals:2 | Lost mutation: Your mind is acute. (Int +2) [potion of
                  | mutation]
 30106 | Shoals:2 | Lost mutation: You are frail. (-10% HP) [potion of
                  | mutation]
 30106 | Shoals:2 | Gained mutation: You are partially covered in iridescent
                  | scales. (AC +2) [potion of mutation]
 30110 | Shoals:2 | Learned a level 2 spell: Passwall
 30114 | Shoals:2 | Learned a level 3 spell: Portal Projectile
 30119 | Shoals:2 | Learned a level 4 spell: Summon Lightning Spire
 30120 | Shoals:3 | Noticed Ilsuiw
 30147 | Shoals:3 | Killed Ilsuiw
 30148 | Shoals:3 | Hit by a silver javelin thrown by a merfolk javelineer

Illustrated notes

Levels and vault maps discovered:
D:1:      moated_graveyard_arrival, layout_loops_ring, serial_shops,
          nicolae_shop_behind_doors, nicolae_shop_advertising_works
          [nicolae_subvault_shop_adworks], nicolae_shop_behind_doors, shop, shop
D:2:      layout_rooms, grunt_decor_cap, uniq_robin, uniq_crazy_yiuf_cottage
D:3:      layout_rooms, hellmonk_ecumenical_altar_pennies_from_heaven,
          kennysheep_generic_room_13
D:4:      layout_loops_cross, gammafunk_temple_overflow_statue,
          nicolae_elemental_shop, hangedman_abyss_or_decor_lesser_grid,
          serial_bayou_pond_c, minmay_shop_enchanted_jewellery
D:5:      layout_basic, nicolae_ru_awakened_eye, uniq_ijyb
D:6:      layout_basic, minmay_temple_entry_statues_fountains,
          grunt_ministairs_9, corexii_checkpoint_b
D:7:      layout_loops_ring, minivault_26, uniq_pikel
D:8:      layout_loops_corners, enter_ossuary_5, special_room
          [special_room_orc], uniq_gastronok, uniq_psyche, uniq_joseph
D:9:      layout_loops_ring, guppyfry_early_elven_hall
D:10:     gammafunk_mikee_crab_dinner, layout_gridville, erik_orc_4,
          special_room [special_room_orc], grunt_livestock
D:11:     layout_roguey, grunt_lair_entry_orc_guard_hut, serial_shops,
          nicolae_shop_competitors_out_of_business, zin_academy, uniq_maurice,
          uniq_erica
D:12:     layout_stronghold, gammafunk_ghost_necromancy, minivault_25_ag,
          uniq_nessos
D:13:     layout_loops_corners, portal_ice_cave_entry_ice_simulacra,
          uniq_josephine
D:14:     minmay_the_grid_triangle_9x9_recursive_3
          [minmay_the_grid_triangle_9x9_wacky_v,
          minmay_the_grid_triangle_9x9_pentomino_pain,
          minmay_the_grid_triangle_9x9_skeleton,
          minmay_the_grid_triangle_9x9_prize_schism,
          minmay_the_grid_triangle_9x9_swiss_cheese,
          minmay_the_grid_triangle_9x9_minimal,
          minmay_the_grid_triangle_9x9_corruption,
          minmay_the_grid_triangle_9x9_impossible_snake,
          minmay_the_grid_triangle_9x9_tough_junction], layout_irregular_city,
          grunt_vaults_entry_fortified, nrook_campfire,
          kennysheep_opposing_triangles, uniq_lodul
D:15:     hangedman_depths_entry_try_elsewhere_first, layout_loops_ring,
          serial_shops, shop, hangedman_abyss_or_decor_stabs
Temple:   mainiacjoe_temple_bowtie_tessellation
Lair:1:   beast_lair_carwin_large_4, layout_regular_city, columned_hall_lemuel
Lair:2:   layout_cave_pods, spider_nest_entry_webs, serial_bayou_pond_e
Lair:3:   layout_cellular_growth, infiniplex_staircase_pool_2
Lair:4:   layout_concentric_octagons, elwin_shoals_entry_stream,
          nicolae_lair_lakeside_cave
Lair:5:   layout_roguey, kennysheep_basilisk_garden, uniq_sonja
Lair:6:   hangedman_lair_in_review, layout_gridlike, slime_altar_1
Shoals:1: cheibrodos_shoals_roost, layout_shoals, uniq_frances
Shoals:2: layout_shoals, nicolae_shoals_loop_pool, uniq_polyphemus
Shoals:3: layout_shoals, uniq_nikola, uniq_mlioglotl, uniq_ilsuiw
Orc:1:    layout_diamond_mine, serial_shops, shop, nicolae_square_shop,
          nicolae_lakefront_shop, shop
Orc:2:    st_orc_rangers, layout_caves, minmay_orc_keep
Depths:1: minmay_box_of_curves, layout_basic, hell_entry, serial_shops, shop,
          nicolae_abyss_entry_one_way_or_another, lemuel_another_geyser,
          firewood_loft

Skill      XL: |  1  2  3  4  5  6  7  8  9 10 11 12 13 14 15 16 17 |
---------------+----------------------------------------------------+-----
Spellcasting   | 1 2 |  2.0
Fighting       | 3 4 5 6 8 10 11 12 14 15 16 17 18 | 18.9
Armour         | 1 3 4 5 6 7 9 11 12 13 15 17 19 | 19.2
Bows           | 5 6 8 9 10 11 12 13 14 15 16 | 16.4
Invocations    | 2 5 6 7 9 10 11 13 14 15 | 15.7
Evocations     | 4 6 8 |  8.0
Transmutations | 3 5 7 9 |  9.0
Dodging        | |  2.1
Stealth        | |  0.8
Summonings     | |  0.8
Air Magic      | |  0.6

Action                   |  1- 3 |  4- 6 |  7- 9 | 10-12 | 13-15 | 16-18 || total
-------------------------+-------+-------+-------+-------+-------+-------++-------
Melee: Trident           |       |       |       |    39 |       |       ||    39
       Longbow           |       |       |       |     1 |       |       ||     1
       Punch             |       |       |       |     1 |       |       ||     1
 Fire: Shortbow          |    92 |   137 |       |       |       |       ||   229
       Longbow           |       |    54 |   165 |   589 |   996 |   829 ||  2633
 Cast: Wereblood         |       |       |       |       |     3 |    14 ||    17
Invok: Slouch            |       |       |       |    10 |    11 |    11 ||    32
       Bend Time         |       |       |       |     2 |       |       ||     2
       Temporal Distorti |       |       |       |     1 |     1 |       ||     2
 Abil: Hop               |     2 |     2 |     4 |    12 |    18 |     9 ||    47
Evoke: Wand              |       |       |       |       |     2 |       ||     2
  Use: Scroll            |       |    13 |     3 |    12 |    12 |     1 ||    41
       Potion            |       |       |       |     5 |     1 |     2 ||     8
Armor: Leather armour    |     5 |       |       |       |       |       ||     5
       Ring mail         |    25 |    32 |    26 |     8 |       |       ||    91
       Chain mail        |       |       |       |   316 |   694 |   522 ||  1532
Dodge: Dodged            |    25 |    43 |    29 |   166 |   461 |   412 ||  1136
Block: Other             |       |       |       |       |       |    93 ||    93
       Reflection        |       |       |       |       |       |    14 ||    14

Table legend: (Time is in decaauts)
 A = Elapsed time spent in this place.
 B = Non-inter-level travel time spent in this place.
 C = Inter-level travel time spent in this place.
 D = Time resting spent in this place.
 E = Time spent auto-exploring this place.
 F = Levels seen in this place.
 G = Mean time per level.
                   A        B        C        D        E       F      G
               +--------+--------+--------+--------+--------+-----+--------+
         Total |  50478 |  44690 |   5788 |   2710 |  33216 |  30 | 1682.6 |
       Dungeon |  27805 |  23610 |   4195 |   1532 |  17425 |  15 | 1853.7 |
        Temple |    157 |     95 |     62 |      0 |     81 |   1 |  157.0 |
          Lair |  11720 |  10882 |    838 |    242 |   9163 |   6 | 1953.3 |
        Shoals |   3478 |   3350 |    128 |     66 |   2619 |   3 | 1159.3 |
  Orcish Mines |   2307 |   2127 |    180 |     26 |   1486 |   2 | 1153.5 |
        Depths |   3502 |   3119 |    383 |    344 |   2299 |   1 | 3502.0 |
       Ossuary |    341 |    341 |      0 |      0 |    141 |   1 |  341.0 |
      Ice Cave |   1165 |   1165 |      0 |    500 |      0 |   1 | 1165.0 |
               +--------+--------+--------+--------+--------+-----+--------+

Top non-repeatable levels by time:
Depths:1: 3502 daAuts
    D:14: 3161 daAuts
    D:10: 2531 daAuts
    D:11: 2499 daAuts
  Lair:4: 2328 daAuts
    D:12: 2323 daAuts
     D:8: 2320 daAuts
  Lair:6: 2226 daAuts
    D:13: 2143 daAuts
     D:9: 2089 daAuts
Shoals:2: 1907 daAuts
  Lair:2: 1905 daAuts
     D:5: 1856 daAuts
  Lair:5: 1818 daAuts
  Lair:3: 1785 daAuts
